 Dungeon Crawl Stone Soup version 0.19.5 (webtiles) character file.

228 tidbits the Skirmisher (level 5, 3/38 HPs)
             Began as a High Elf Skald on Nov 8, 2017.
             Quit the game on level 4 of the Dungeon.
             The game lasted 00:10:40 (1121 turns).

tidbits the Skirmisher (High Elf Skald)             Turns: 1121, Time: 00:10:41

Health: 3/38       AC:  5    Str: 12    XL:     5   Next: 70%
Magic:  10/10      EV: 15    Int: 15    God:
Gold:   108        SH:  0    Dex: 15    Spells: 4 memorised, 1 level left

rFire  + . .     SeeInvis .     a - +0 falchion
rCold  + . .     Gourm    .     b - +0 leather armour
rNeg   . . .     Faith    .     (no shield)
rPois  +         Spirit   .     E - +0 helmet (curse)
rElec  +         Reflect  .     (no cloak)
rCorr  +         Harm     .     G - +0 pair of gloves
MR     .....                    (no boots)
Stlth  +.........               (no amulet)
                                (no ring)
                                V - +3 ring of evasion

@: confused, resistant, very slightly contaminated
A: no striking features
a: no special abilities


You were on level 4 of the Dungeon.
You were hungry.

You visited 1 branch of the dungeon, and saw 5 of its levels.

You collected 108 gold pieces.

Inventory:

Hand Weapons
 a - a +0 falchion (weapon)
 j - a +1 hunting sling of flaming
   (You took it off a goblin on level 2 of the Dungeon)
 l - a +0 hunting sling
   (You took it off a goblin on level 2 of the Dungeon)
 p - a +0 short sword of protection
   (You took it off an orc on level 4 of the Dungeon)
Missiles
 i - 43 sling bullets
 k - 62 stones (quivered)
 o - 16 bolts
Armour
 b - a +0 leather armour (worn)
 e - a +0 ring mail
   (You took it off a gnoll on level 4 of the Dungeon)
 f - a +0 scale mail of fire resistance
   (You found it on level 1 of the Dungeon)
 E - a cursed +0 helmet (worn)
   (You took it off Robin on level 2 of the Dungeon)
 G - a +0 pair of gloves (worn)
   (You found it on level 4 of the Dungeon)
Jewellery
 V - a +3 ring of evasion (left hand)
   (You found it on level 1 of the Dungeon)
Scrolls
 g - a scroll of magic mapping {unknown}
 h - a scroll of identify {unknown}
 n - a scroll of enchant weapon {unknown}
 r - a scroll of enchant armour {unknown}
 u - a scroll of remove curse {unknown}
 w - a scroll of blinking {unknown}
Books
 c - a book of Battle

   Spells                             Type                      Level
   a - Infusion                       Charms                       1
   b - Shroud of Golubria             Charms/Translocation         2
   c - Song of Slaying                Charms                       2
   d - Spectral Weapon                Hexes/Charms                 3
   e - Regeneration                   Charms/Necromancy            3
 v - a book of Changes
   (You found it on level 4 of the Dungeon)

   Spells                             Type                      Level
   a - Beastly Appendage              Transmutation                1
   b - Sticks to Snakes               Transmutation                2
   c - Spider Form                    Transmutation/Poison         3
   d - Ice Form                       Ice/Transmutation            4
   e - Blade Hands                    Transmutation                5
Comestibles
 d - 2 bread rations
 m - 4 meat rations
 x - a slice of pizza
 z - a royal jelly


   Skills:
 + Level 4.7 Fighting
 - Level 2.9 Long Blades
 - Level 1.3 Armour
 - Level 1.9 Dodging
 - Level 2.9 Spellcasting
 - Level 1.0 Hexes
 - Level 4.2 Charms


You had one spell level left.
You knew the following spells:

 Your Spells              Type           Power        Failure   Level  Hunger
g - Shroud of Golubria    Chrm/Tloc      #.........   21%         2    ##.....
i - Infusion              Chrm           ###.         4%          1    #......
w - Spectral Weapon       Hex/Chrm       ##......     30%         3    ###....
y - Song of Slaying       Chrm           ###.....     8%          2    ##.....


Dungeon Overview and Level Annotations

Branches:
Dungeon (5/15)
 Temple: D:4-7

Altars:
Elyvilon
Gozag
Hepliaklqana

Annotations:
D:5 Menkaure


Message History

You completely miss the orc.
Your spectral weapon closely misses the orc.
The orc hits you with a hand axe.
* * * LOW HITPOINT WARNING * * *
The orc hits your spectral weapon but does no damage.
You hit the orc.
The orc is severely wounded.
Your spectral weapon hits the orc.
The howler monkey hoots and howls with incredible vigour!
The orc barely misses your spectral weapon.
The orc misses you.
You strike the helpless orc from behind!
You hit the orc but do no damage.
The orc is almost dead.
Your spectral weapon hits the orc.
You kill the orc!
The howler monkey hoots and howls with incredible vigour!
You hear an angry hiss.
Quiver which item? (- for none, * to show all) (? for menu, Esc to quit)
Okay, then.
Throwing (i - inventory):
k - 63 stones (quivered)
Press: ? - help, Shift-Dir - straight line, f - orc
Aim: an orc, wielding a short sword You throw a stone.
The stone hits the howler monkey.
The howler monkey is lightly wounded.
The orc wizard gestures wildly while chanting.
The orc wizard flickers and vanishes!
Deactivating autopickup; reactivate with Ctrl-A.
Unknown command.
You closely miss the howler monkey.
The howler monkey is lightly wounded.
Your spectral weapon hits the howler monkey.
The howler monkey misses you. x2
You closely miss the howler monkey.
The howler monkey is moderately wounded.
Your spectral weapon hits the howler monkey.
The howler monkey closely misses your spectral weapon.
You closely miss the howler monkey.
The howler monkey is heavily wounded.
Your spectral weapon hits the howler monkey but does no damage.
The howler monkey barely misses you. The howler monkey closely misses you.
You riposte.
You hit the howler monkey.
The howler monkey is severely wounded.
You closely miss the howler monkey.
The howler monkey is severely wounded.
Your spectral weapon misses the howler monkey.
The howler monkey barely misses you.
You hit the howler monkey.
The howler monkey is almost dead.
Your spectral weapon closely misses the howler monkey.
The howler monkey hits you.
* * * LOW HITPOINT WARNING * * *
You hit the howler monkey.
The howler monkey is almost dead.
Your spectral weapon hits the howler monkey.
You kill the howler monkey!
You barely miss something.
You hear some strange, mumbled words.
You are confused.
Something hits you.
* * * LOW HITPOINT WARNING * * *
It was a potion of resistance.
You feel protected. Something hits you.
* * * LOW HITPOINT WARNING * * *
It was a potion of ambrosia.
You are more confused.
You feel invigorated.
Your spectral weapon fades away.
You hear some strange, mumbled words.
A magic dart appears from out of thin air!
The magic dart hits you!
* * * LOW HITPOINT WARNING * * *
You bump into the rock wall.
You closely miss something.
You feel less invigorated. Something hits you but does no damage.
The orc hits you but does no damage.
You hit the orc.
The orc is heavily wounded.
Something hits you but does no damage. The orc hits you but does no damage.
You bump into the rock wall.
Something hits you but does no damage. The orc hits you with a whip.
* * * LOW HITPOINT WARNING * * *
You hit the orc.
The orc is heavily wounded.
Something hits you.
* * * LOW HITPOINT WARNING * * *
The orc hits you but does no damage.
You bump into the rock wall.
You feel less confused.
You hear some strange, mumbled words.
A magic dart appears from out of thin air!
The magic dart hits you!
* * * LOW HITPOINT WARNING * * *
The orc hits you with a whip.
* * * LOW HITPOINT WARNING * * *
It was a potion of magic.
Magic courses through your body.
You hear some strange, mumbled words.
You are confused.
The orc closely misses you.
Are you sure you want to abandon this character and quit the game? (Confirm with "yes".)

....... #.........#...
o.....# #.........#...
l.... #.........#...
o... #.........'...
#h. #.........#... #.#
#.........#### #.#
######...##...
#.##############.#####
#..oo@...........#
#.###{..###.######
#.......# #.#
#.#####.# #.# #.# #.#
#.# #.# #.# #.# ###
#.# ### #.# #.#


You could see 2 orcs.

Vanquished Creatures
  A howler monkey (D:4)
  An iguana (D:4)
  A worker ant (D:3)
  Robin (D:2)
  3 gnolls (D:4)
  3 adders
  An ooze (D:4)
  An adder skeleton (D:4)
  A worm (D:4)
  A dart slug (D:1)
  A leopard gecko (D:3)
  7 orcs (D:4)
  A ball python (D:4)
  3 bats
  4 giant cockroaches
  11 goblins
  3 hobgoblins
  2 quokkas (D:4)
  2 frilled lizards
  6 kobolds
  3 rats
57 creatures vanquished.

Notes
Turn   | Place    | Note
-------+----------+-------------------------------------------
     0 | D:1      | tidbits the High Elf Skald began the quest for the Orb.
     0 | D:1      | Reached XP level 1. HP: 14/14 MP: 4/4
    25 | D:1      | Reached skill level 1 in Armour
    94 | D:2      | Reached XP level 2. HP: 18/19 MP: 2/6
    98 | D:2      | Learned a level 2 spell: Song of Slaying
   101 | D:2      | Learned a level 2 spell: Shroud of Golubria
   195 | D:2      | Noticed Robin
   210 | D:2      | Killed Robin
   219 | D:2      | Reached XP level 3. HP: 14/25 MP: 0/8
   222 | D:2      | Reached skill level 4 in Charms
   462 | D:3      | Reached XP level 4. HP: 12/30 MP: 6/9
   467 | D:3      | Learned a level 3 spell: Spectral Weapon
   568 | D:3      | Reached skill level 1 in Hexes
   609 | D:3      | HP: 3/30 [gnoll/spear (4)]
   734 | D:4      | Found a white marble altar of Elyvilon.
   741 | D:4      | Found an opulent altar of Gozag.
   766 | D:4      | Reached skill level 3 in Fighting
   806 | D:5      | Entered Level 5 of the Dungeon
   811 | D:5      | Found a hazy altar of Hepliaklqana.
   874 | D:5      | Noticed Menkaure
   876 | D:5      | Noticed a centaur
   962 | D:4      | Reached XP level 5. HP: 34/37 MP: 2/10
  1053 | D:4      | Reached skill level 4 in Fighting
  1119 | D:4      | HP: 3/38 [orc/whip (3)]
  1121 | D:4      | Quit the game

Skill      XL: |  1  2  3  4  5 |
---------------+----------------+-----
Armour         | 1 |  1.3
Charms         | 4 |  4.2
Hexes          | 1 |  1.0
Fighting       | 3 4 |  4.7
Long Blades    | |  2.9
Dodging        | |  1.9
Spellcasting   | |  2.9

Action                   |  1- 3 |  4- 6 || total
-------------------------+-------+-------++-------
Melee: Falchion          |    73 |    56 ||   129
       Unarmed           |       |    26 ||    26
 Fire: Hunting sling     |       |    20 ||    20
Throw: Stone             |       |     1 ||     1
 Cast: Infusion          |     8 |     7 ||    15
       Song of Slaying   |     1 |       ||     1
       Spectral Weapon   |       |     4 ||     4
  Use: Potion            |       |     5 ||     5
 Stab: Sleeping          |     1 |       ||     1
       Distracted        |       |     1 ||     1
  Eat: Beef jerky        |       |     1 ||     1
Armor: Leather armour    |    18 |     8 ||    26
       Skin              |       |    17 ||    17
Dodge: Dodged            |    46 |    59 ||   105
       Rpst.: Falchion   |    11 |    10 ||    21

Table legend:
 A = Turns spent in this place as a percentage of turns spent in the entire game.
 B = Non-inter-level travel turns spent in this place as a percentage of non-inter-level travel turns spent in the entire game.
 C = Inter-level travel turns spent in this place as a percentage of turns spent in this place.
 D = Turns resting spent in this place as a percentage of non-inter-level travel turns spent in this place.
 E = Turns spent auto-exploring this place as a percentage of non-inter-level travel turns spent in this place.
 F = Non-inter-level travel turns spent in this place divided by the number of levels of this place that you've seen.
                   A       B       C       D       E      F
               +-------+-------+-------+-------+-------+----------------------
         Total | 100.0 | 100.0 |   0.0 |   0.0 |   0.0 | 215.0
       Dungeon | 100.0 | 100.0 |   0.0 |   0.0 |   0.0 | 215.0
               +-------+-------+-------+-------+-------+----------------------

Table legend:
 A = Kills in this place as a percentage of kills in entire the game.
 B = Kills by you in this place as a percentage of kills by you in the entire game.
 C = Kills by friends in this place as a percentage of kills by friends in the entire game.
 D = Other kills in this place as a percentage of other kills in the entire game.
 E = Experience gained in this place as a percentage of experience gained in the entire game.
 F = Experience gained in this place divided by the number of levels of this place that you have seen.
                   A       B       C       D       E      F
               +-------+-------+-------+-------+-------+----------------------
         Total | 100.0 | 100.0 |  -nan |  -nan | 100.0 |  65.2
       Dungeon | 100.0 | 100.0 |  -nan |  -nan | 100.0 |  65.2
               +-------+-------+-------+-------+-------+----------------------

Vault maps used:
D:1:      mrwooster_arrival_statue_3
D:2:      kennysheep_path_1, uniq_robin
D:3:      nicolae_ru_the_path_less_chosen, first_bread, uniq_sigmund
D:4:      kennysheep_mini_moat, lemuel_doored_altar, minmay_vboxes
D:5:      nicolae_overflow_hidden_temple, nicolae_overflow_crystal_walls,
          minmay_misc_feat_more_columns, uniq_menkaure
